 Dungeon Crawl Stone Soup version 0.24.0-13-gcf9b3192b9 (webtiles) character file.

Game seed: 5040691652564523105, levelgen mode: deterministic

16251 Majang the Grappler (level 12, -9/115 HPs)
             Began as a Troll Monk on Nov 6, 2019.
             Was the Champion of Cheibriados.
             Mangled by an entropy weaver (11 damage)
             ... on level 3 of the Lair of Beasts.
             The game lasted 00:41:08 (10024 turns).

Majang the Grappler (Troll Monk)                   Turns: 10024, Time: 00:41:09

Health: -9/115     AC: -3    Str: 38    XL:     12   Next: 8%
Magic:  15/15      EV: 16    Int: 24    God:    Cheibriados [******]
Gold:   778        SH:  0    Dex: 27    Spells: 15/15 levels left

rFire    + + .     SeeInvis .     - Unarmed
rCold    x . .     Gourm    +   (no shield)
rNeg     . . .     Faith    .   s - +2 robe {MR+}
rPois    .         Spirit   .   (helmet restricted)
rElec    .         Reflect  .   (no cloak)
rCorr    .         Harm     .   (gloves unavailable)
MR       +....                  (boots unavailable)
Stlth    ++........             C - amulet of regeneration
HPRegen  1.09/turn              m - ring of protection from fire
MPRegen  0.14/turn              z - ring of fire

@: corroded, very slow
A: large, unfitting armour, claws 3, fast metabolism 3, gourmand, regeneration
1, shaggy fur 1, tough skin 3
a: Bend Time, Temporal Distortion, Slouch, Step From Time, Renounce Religion


You were on level 3 of the Lair of Beasts.
You worshipped Cheibriados.
Cheibriados was exalted by your worship.
You were very full.

You visited 2 branches of the dungeon, and saw 12 of its levels.

You collected 778 gold pieces.

Inventory:

Missiles
 k - 297 stones
 o - 3 boomerangs (quivered)
 q - 55 poisoned darts
 I - 7 javelins
Armour
 i - a +2 robe of cold resistance
 s - a +2 robe of magic resistance (worn)
Jewellery
 c - an uncursed amulet of magic regeneration
 m - a ring of protection from fire (left claw)
 p - an uncursed ring of poison resistance
 t - an uncursed ring of positive energy
 z - a ring of fire (right claw)
 C - an amulet of regeneration (around neck)
Wands
 n - a wand of acid (9)
 w - a wand of disintegration (6)
 D - a wand of paralysis (1)
Scrolls
 e - 4 scrolls of teleportation
 f - 2 scrolls of vulnerability
 g - 8 scrolls of remove curse
 h - 3 scrolls of amnesia
 l - 3 scrolls of enchant armour
 x - 3 scrolls of enchant weapon
 A - a scroll of fog
 J - a scroll of identify
Potions
 a - a potion of lignification
 d - 2 potions of brilliance
 j - 4 potions of curing
 r - 3 potions of flight
 u - a potion of resistance
 v - 3 potions of heal wounds
 B - a potion of ambrosia {unknown}
 E - 3 potions of agility {unknown}
 G - a potion of magic {unknown}
Miscellaneous
 y - a lightning rod (1/4)
Comestibles
 b - 15 rations


   Skills:
 + Level 6.6 Fighting
 + Level 6.7 Throwing
 + Level 6.0 Armour
 + Level 6.5 Dodging
 - Level 1.0 Stealth
 * Level 10.9 Unarmed Combat
 + Level 2.4 Spellcasting
 + Level 6.5 Invocations


You had 15 spell levels left.
You didn't know any spells.
Your spell library was empty.

Dungeon Overview and Level Annotations

Branches:
Dungeon (9/15)             Temple (0/1) D:4            Lair (3/6) D:9
  Snake (0/4) Lair:2
  Swamp: Lair:2-4    Shoals: Lair:2-4       Orc: D:9-12

Altars:
Cheibriados
Uskayaw

Annotations:
Lair:1 3 runed translucent doors, raetorn's ghost, journeyman DDFi
Lair:3 , 2 transporters, Luuwnalu's ghost, journeyman KoHu


Innate Abilities, Weirdness & Mutations

You are too large for most types of armour.
You have claws for hands.
Your metabolism is lightning-fast.
You like to eat raw meat.
Your natural rate of healing is unusually fast.
You are covered in fur. (AC +1)
You have extremely tough skin. (AC +3)


Message History

The entropy weaver misses you. The entropy weaver hits you!
* * * LOW HITPOINT WARNING * * *
The entropy weaver hits you.
* * * LOW HITPOINT WARNING * * *
The entropy weaver hits you!
* * * LOW HITPOINT WARNING * * *
You claw the entropy weaver!
The entropy weaver is heavily wounded.
The entropy weaver mumbles some strange words.
The entropic weave corrodes you!
You barely miss the entropy weaver.
The entropy weaver is heavily wounded.
You claw the entropy weaver!
The entropy weaver is severely wounded.
The entropy weaver hits you!
* * * LOW HITPOINT WARNING * * *
The entropy weaver hits you.
* * * LOW HITPOINT WARNING * * *
The entropy weaver barely misses you. The entropy weaver hits you!
You die...

.##........#..###..#H.../...%#...
..#.......##..##.#.#lF.#.#...#.#.
...............##..#8Y#...#.8#...
...............###.##YlW....##.#.
#...................#########....
.................................
.................#...#P#.........
......#.......##################.
..............#.@a.÷.... ##.
............###÷######## #..
..#...######..#.# ###. .###.##
##..#[# #... ##...### #...#.#
#### ##P...P# ##..#.# #.P.
......## ##..#.# #... ......#
#P..#.# #... ......## #P..#.#
#...


You could see an entropy weaver.

Vanquished Creatures
  A hydra (Lair:1)
  Erica (Lair:1)
  Urug (Lair:3)
  Nergalle (Lair:1)
  2 fire crabs (Lair:3)
  Pikel (D:7)
  A black mamba (Lair:3)
  3 spiny frogs
  A polar bear (Lair:2)
  5 hippogriffs
  5 blink frogs
  Sigmund (D:2)
  19 yaks
  2 basilisks
  3 nagas (Lair:2)
  Edmund (D:5)
  4 water moccasins
  4 porcupines
  2 orc warriors (D:9)
  2 ice beasts
  3 sky beasts
  4 ogres
  2 phantoms
  2 centaurs
  3 crocodiles
  2 big kobolds
  Blork the orc (D:5)
  9 bullfrogs
  4 scorpions
  A jelly (D:9)
  9 killer bees
  5 wights (D:7)
  4 howler monkeys
  A bullfrog zombie (D:6)
  5 crimson imps
  A bullfrog skeleton (D:7)
  10 orc priests
  2 hounds
  9 orc wizards
  An iguana (D:7)
  A centaur skeleton (D:7)
  6 worker ants
  A hound skeleton (D:7)
  A worker ant zombie (D:9)
  Robin (D:4)
  4 gnolls (D:8)
  11 adders
  An ooze (D:4)
  6 worms
  3 dart slugs
  2 leopard geckos (D:6)
  21 orcs
  8 giant cockroaches
  12 goblins
  7 hobgoblins
  8 jackals
  16 kobolds
  4 quokkas
  A ball python (D:3)
  7 bats
  8 frilled lizards
  A jackal skeleton (D:8)
  3 rats
271 creatures vanquished.

Vanquished Creatures (others)
  3 slaves (D:7)
  A scorpion (D:7)
  A killer bee (D:7)
  A frilled lizard (D:3)
  A fungus (Lair:1)
  2 plants (Lair:1)
9 creatures vanquished.

Grand Total: 280 creatures vanquished

Notes
Turn   | Place    | Note
-------+----------+-------------------------------------------
     0 | D:1      | Majang the Troll Monk began the quest for the Orb.
     0 | D:1      | Reached XP level 1. HP: 22/22 MP: 0/0
   130 | D:1      | Reached XP level 2. HP: 29/29 MP: 1/1
   157 | D:1      | You fall into a shaft and drop 1 floor!
   371 | D:1      | You fall into a shaft and drop 1 floor!
   371 | D:2      | Found a snail-covered altar of Cheibriados.
   381 | D:2      | Became a worshipper of Cheibriados the Contemplative
   381 | D:2      | Reached * piety under Cheibriados
   381 | D:2      | Reached ** piety under Cheibriados
   463 | D:2      | Reached XP level 3. HP: 32/36 MP: 2/2
   814 | D:2      | Noticed Sigmund
   828 | D:2      | Killed Sigmund
   828 | D:2      | Reached skill level 1 in Throwing
   828 | D:2      | Reached skill level 1 in Armour
   828 | D:2      | Reached skill level 4 in Unarmed Combat
   828 | D:2      | Reached skill level 1 in Invocations
   828 | D:2      | Reached XP level 4. HP: 30/44 MP: 3/3
   828 | D:2      | Reached XP level 5. HP: 36/52 MP: 4/4
  1371 | D:2      | Reached XP level 6. HP: 61/61 MP: 6/6
  1726 | D:3      | Reached *** piety under Cheibriados
  2626 | D:4      | Reached skill level 5 in Unarmed Combat
  2626 | D:4      | Reached XP level 7. HP: 67/67 MP: 7/7
  2744 | D:4      | Noticed Robin
  2764 | D:4      | Killed Robin
  2767 | D:4      | Identified the +4 spear "Cirihequ" {pain, rN+ Str+4 Int+3}
  2769 | D:4      | Reached **** piety under Cheibriados
  2917 | D:4      | Found a staircase to the Ecumenical Temple.
  3204 | D:5      | Entered Level 5 of the Dungeon
  3590 | D:5      | Noticed Blork the orc
  3594 | D:5      | Killed Blork the orc
  3729 | D:5      | Noticed Edmund
  3746 | D:5      | Killed Edmund
  3971 | D:6      | Reached XP level 8. HP: 78/78 MP: 9/9
  4030 | D:6      | Found a hide-covered altar of Uskayaw.
  4215 | D:6      | Reached skill level 6 in Unarmed Combat
  4613 | D:6      | Reached ***** piety under Cheibriados
  5015 | D:7      | Reached skill level 7 in Unarmed Combat
  5142 | D:7      | Reached XP level 9. HP: 85/85 MP: 10/10
  5192 | D:7      | Noticed Pikel
  5197 | D:7      | Killed Pikel
  5742 | D:8      | Reached skill level 8 in Unarmed Combat
  5749 | D:8      | Reached skill level 5 in Fighting
  5760 | D:8      | Reached skill level 5 in Dodging
  6385 | D:9      | Reached XP level 10. HP: 84/96 MP: 12/12
  6397 | D:9      | Reached ****** piety under Cheibriados
  6414 | D:9      | Reached skill level 5 in Throwing
  6619 | D:9      | Reached skill level 5 in Invocations
  6637 | D:9      | Found a staircase to the Lair.
  6709 | D:9      | Reached skill level 9 in Unarmed Combat
  6921 | Lair:1   | Entered Level 1 of the Lair of Beasts
  6975 | Lair:1   | Noticed Nergalle
  7017 | Lair:1   | Killed Nergalle
  7017 | Lair:1   | Reached skill level 5 in Armour
  7017 | Lair:1   | Reached skill level 1 in Spellcasting
  7113 | Lair:1   | Noticed a spiny frog
  7125 | Lair:1   | Killed a spiny frog
  7161 | Lair:1   | Found a runed translucent gate.
  7162 | Lair:1   | Found a runed translucent gate.
  7237 | Lair:1   | Noticed a six-headed hydra
  7247 | Lair:1   | Killed a six-headed hydra
  7247 | Lair:1   | Reached XP level 11. HP: 56/105 MP: 14/14
  7259 | Lair:1   | Noticed Erica
  7268 | Lair:1   | Killed Erica
  7494 | Lair:1   | Found a runed translucent gate.
  7495 | Lair:1   | Noticed raetorn's ghost (journeyman DDFi)
  7496 | Lair:1   | Noticed an 11-headed hydra
  7497 | Lair:1   | Noticed a nine-headed hydra
  8035 | Lair:1   | Reached skill level 10 in Unarmed Combat
  8511 | Lair:2   | Found a staircase to the Snake Pit.
  8881 | Lair:3   | Noticed Urug
  8897 | Lair:3   | HP: 3/106 [Urug/+3 scimitar of slicing (4)]
  8900 | Lair:3   | Killed Urug
  9354 | Lair:3   | Found a runed translucent door.
  9560 | Lair:3   | Noticed a catoblepas
  9561 | Lair:3   | Found a transporter.
  9565 | Lair:3   | Noticed Luuwnalu's ghost (journeyman KoHu)
  9588 | Lair:3   | Found a transporter.
  9727 | Lair:3   | Noticed a fire crab
  9969 | Lair:3   | Killed a fire crab
  9969 | Lair:3   | Reached XP level 12. HP: 79/115 MP: 15/15
 10010 | Lair:3   | Noticed an entropy weaver
 10024 | Lair:3   | HP: 2/115 [entropy weaver (4)]
 10024 | Lair:3   | Mangled by an entropy weaver

Levels and vault maps discovered:
D:1:      dpeg_arrival_simpleton_a, layout_basic, minivault_27
D:2:      layout_loops_ring, lemuel_crystal_altar, first_ration,
          chequers_mini_garden, uniq_sigmund
D:3:      layout_basic, skrybe_limestone_x, ebering_dispersal_statue_hall,
          bh_walls_and_bars
D:4:      layout_loops_ring, minmay_temple_entry_waves, minmay_checkerbox,
          uniq_robin
D:5:      layout_loops_corners, minivault_4, hangedman_decor_peaks_small,
          uniq_blork_the_orc, uniq_edmund
D:6:      layout_basic, basic_altar, minmay_curled_crystal
D:7:      layout_basic, uniq_pikel
D:8:      layout_basic
D:9:      layout_roguey, lair_entry_dummy
Lair:1:   layout_gridlike, gammafunk_ghost_hydra_chop, uniq_nergalle, uniq_erica
Lair:2:   layout_misc_corridors, minmay_snake_entry_guardpost_large,
          chequers_serial_rivers_small_3, chequers_serial_rivers_room_a,
          chequers_serial_rivers_micro_b
Lair:3:   gammafunk_mikee_crab_dinner, layout_gridlike, gammafunk_ghost_arena,
          hibernation_bobbens, uniq_urug

Skill      XL: |  1  2  3  4  5  6  7  8  9 10 11 |
---------------+----------------------------------+-----
Throwing       | 1 2 3 4 5 6 |  6.7
Armour         | 1 2 3 4 5 6 |  6.0
Dodging        | 3 4 5 6 |  6.5
Unarmed Combat | 4 5 7 8 9 10 | 10.9
Invocations    | 1 2 3 4 5 6 |  6.5
Fighting       | 3 4 5 6 |  6.6
Spellcasting   | 1 2 |  2.4
Stealth        | |  1.0

Action                   |  1- 3 |  4- 6 |  7- 9 | 10-12 || total
-------------------------+-------+-------+-------+-------++-------
Melee: Unarmed           |    78 |   106 |   306 |   268 ||   758
       Punch             |       |     1 |     7 |    28 ||    36
Throw: Boomerang         |       |     7 |    30 |    42 ||    79
       Stone             |       |     7 |       |       ||     7
       Dart              |       |       |     4 |       ||     4
Evoke: Wand              |       |       |       |     7 ||     7
       Lightning rod     |       |       |       |     4 ||     4
  Use: Scroll            |       |       |    18 |     7 ||    25
       Potion            |       |       |       |     2 ||     2
 Stab: Sleeping          |     2 |     4 |     6 |     3 ||    15
  Eat: Chunk             |    12 |    10 |    25 |    24 ||    71
Armor: Robe              |    31 |    36 |    67 |    63 ||   197
Dodge: Dodged            |    56 |    51 |   155 |   184 ||   446
